 Dungeon Crawl Stone Soup version 0.18-a0-1789-gbeff17f (webtiles) character file.

70 Mefis the Magician (level 4, -10/31 HPs)
             Began as a Human Wizard on Apr 21, 2016.
             Mangled by Sigmund
             ... wielding a +2 scythe of pain
              (12 damage)
             ... on level 1 of the Dungeon.
             The game lasted 00:13:42 (2806 turns).

Mefis the Magician (Human Wizard)                   Turns: 2806, Time: 00:13:42

Health: -10/31     AC:  2    Str:  8    XL:     4   Next: 44%
Magic:  9/9        EV: 12    Int: 19    God:
Gold:   38         SH:  0    Dex: 11    Spells: 5 memorised, 0 levels left

rFire  . . .     SeeInvis .     g - +0 dagger
rCold  . . .     Gourm    .     a - +0 robe
rNeg   . . .     Faith    .     (no shield)
rPois  .         Spirit   .     b - +0 hat
rElec  .         Dismiss  .     (no cloak)
rCorr  .         Reflect  .     (no gloves)
SustAt .         Harm     .     (no boots)
MR     .....                    (no amulet)
Stlth  +.........               (no ring)
                                (no ring)

@: confused, not resistant to hostile enchantments, very unstealthy
A: no striking features
a: no special abilities


You were on level 1 of the Dungeon.
You were not hungry.

You visited 1 branch of the dungeon, and saw 2 of its levels.

You collected 38 gold pieces.

Inventory:

Hand Weapons
 g - a +0 dagger (weapon)
Missiles
 f - 31 stones (quivered)
 l - 26 sling bullets
Armour
 a - a +0 robe (worn)
 b - a +0 hat (worn)
Scrolls
 e - a scroll of teleportation {unknown}
 h - a scroll of amnesia {unknown}
 j - 4 scrolls of identify {unknown}
Books
 c - a book of Minor Magic

   Spells                             Type                      Level
   a - Magic Dart                     Conjuration                  1
   b - Blink                          Translocation                2
   c - Call Imp                       Summoning                    2
   d - Repel Missiles                 Charms/Air                   2
   e - Slow                           Hexes                        2
   f - Conjure Flame                  Conjuration/Fire             3
   g - Mephitic Cloud                 Conjuration/Poison/Air       3
Comestibles
 d - 2 bread rations
 k - a beef jerky
 n - a meat ration


   Skills:
 * Level 0.4 Fighting
 + Level 0.2 Short Blades
 + Level 0.2 Throwing
 + Level 2.4 Dodging
 + Level 2.4 Stealth
 * Level 3.5 Spellcasting
 * Level 1.3 Conjurations
 * Level 1.6 Summonings
 * Level 1.3 Translocations
 * Level 0.4 Air Magic
 * Level 0.2 Poison Magic


You couldn't memorise any spells.
You knew the following spells:

 Your Spells              Type           Power        Failure   Level  Hunger
a - Magic Dart            Conj           #...         10%         1    None
b - Call Imp              Summ           #.......     14%         2    ##.....
c - Blink                 Tloc           N/A          14%         2    ##.....
d - Repel Missiles        Chrm/Air       #.....       21%         2    ##.....
e - Mephitic Cloud        Conj/Pois/Air  #.......     34%         3    ###....


Dungeon Overview and Level Annotations

Branches:
Dungeon (2/15)

Altars:

Annotations:
D:1 Sigmund
D:2 Natasha


Message History

You bump into the rock wall.
You are more confused.
You're too confused to move!
You bump into the rock wall.
A magic dart appears from out of thin air!
The magic dart hits you!
You are more confused.
A puff of flame appears from out of thin air!
The puff of flame hits you!
You're too confused to move!
Something hits you!
* * * LOW HITPOINT WARNING * * *
You bump into the rock wall.
Something hits you.
* * * LOW HITPOINT WARNING * * *
You writhe in agony.
A goblin comes into view. It is wielding a club.
You're too confused!
You aren't carrying any potions.
You bump into the rock wall.
Something hits you!
You die...

#.###...........##..######
#.........#.......).#
#####.#####.######.## #.#
#.######.## #.#
#.........##
#.##########.....##
#.##.## ##.......##
##.#...####.........###
#....{@...'.........'..
#......####.........###
#......# ##..g....##
##.##### ##.....## #.#
##...## #.# ##'## #.# #.#
#.# #.# #.# ##.#######


There were no monsters in sight!

Vanquished Creatures
  2 adders (D:2)
  A gnoll (D:1)
  An ooze (D:1)
  A giant gecko (D:2)
  A giant cockroach (D:1)
  3 goblins
  4 hobgoblins
  2 jackals (D:2)
  4 bats
  2 giant newts
  6 kobolds
  2 rats (D:1)
29 creatures vanquished.

Vanquished Creatures (collateral kills)
  2 gnolls (D:2)
  A jackal (D:2)
3 creatures vanquished.

Grand Total: 32 creatures vanquished

Notes
Turn   | Place    | Note
--------------------------------------------------------------
     0 | D:1      | Mefis the Human Wizard began the quest for the Orb.
     0 | D:1      | Reached XP level 1. HP: 13/13 MP: 4/4
   557 | D:1      | Reached XP level 2. HP: 19/19 MP: 1/6
   566 | D:1      | Learned a level 2 spell: Call Imp
   569 | D:1      | Learned a level 2 spell: Blink
   572 | D:1      | Learned a level 2 spell: Repel Missiles
  1177 | D:2      | Reached XP level 3. HP: 24/24 MP: 0/7
  1506 | D:2      | Noticed Natasha
  1541 | D:2      | Noticed Sigmund
  1786 | D:1      | Reached XP level 4. HP: 8/30 MP: 0/9
  2009 | D:1      | Learned a level 3 spell: Mephitic Cloud
  2806 | D:1      | Mangled by Sigmund

Vault maps used:
D:1:      evilmike_arrival_rings
D:2:      uniq_sigmund, uniq_natasha, uniq_iyjb

Action                   |  1- 3 |  4- 6 || total
-------------------------+-------+-------++-------
Melee: Unarmed           |     1 |       ||     1
       Dagger            |    17 |     7 ||    24
Throw: Stone             |    12 |       ||    12
       Throwing net      |       |     2 ||     2
 Cast: Magic Dart        |    46 |    24 ||    70
       Repel Missiles    |     1 |       ||     1
       Call Imp          |     5 |     5 ||    10
       Blink             |       |     2 ||     2
  Use: Potion            |       |     1 ||     1
 Stab: Sleeping          |     2 |     1 ||     3
  Eat: Chunk             |     2 |       ||     2
       Bread ration      |     1 |       ||     1
Armor: Robe              |    18 |     1 ||    19
Dodge: Dodged            |    36 |    15 ||    51
       Deflected         |       |     2 ||     2
